 Dungeon Crawl Stone Soup version 0.23-a0-635-g88ca12a (console) character file.

306 Duffy the Conjurer (level 6, -4/41 HPs)
             Began as a Demonspawn Fire Elementalist on Dec 27, 2018.
             Was an Initiate of Vehumet.
             Slain by a wraith (9 damage)
             ... in an ossuary.
             The game lasted 00:05:10 (3809 turns).

Duffy the Conjurer (Demonspawn Fire Elementalist)   Turns: 3809, Time: 00:05:11

Health: -4/41      AC:  5    Str:  8    XL:     6   Next: 16%
Magic:  0/9        EV: 12    Int: 19    God:    Vehumet [......]
Gold:   87         SH:  0    Dex: 13    Spells: 1/9 levels left

rFire    + . .     SeeInvis .   (no weapon)
rCold    . . .     Gourm    .   (no shield)
rNeg     . . .     Faith    .   a - +0 robe
rPois    .         Spirit   +   (no helmet)
rElec    .         Reflect  .   (no cloak)
rCorr    .         Harm     .   (no gloves)
MR       .....                  g - +0 pair of boots (curse)
Stlth    ++........             (no amulet)
HPRegen  0.13/turn              k - ring of protection from fire
MPRegen  0.11/turn              (no ring)

@: slowed, very slow
A: hooves 1, molten scales 1, magic shield
a: Renounce Religion


You were in an ossuary.
You worshipped Vehumet.
Vehumet was noncommittal.
You were near starving.

You visited 2 branches of the dungeon, and saw 5 of its levels.
You also visited: Ossuary.

You collected 87 gold pieces.

Inventory:

Armour
 a - a +0 robe (worn)
 g - a cursed +0 pair of boots (worn)
Jewellery
 k - a ring of protection from fire (left hand)
Scrolls
 e - a scroll of blinking {unknown}
 f - 9 scrolls of identify {unknown}
 h - 2 scrolls of teleportation {unknown}
 j - a scroll of immolation {unknown}
 n - a scroll of remove curse {unknown}
Potions
 b - a potion of flight {unknown}
 d - 5 potions of curing {unknown}
 i - 2 potions of degeneration {unknown}
 l - a potion of ambrosia {unknown}
 m - a potion of berserk rage {unknown}
 o - a potion of lignification {unknown}
Comestibles
 c - 2 rations


   Skills:
 - Level 1.7 Dodging
 - Level 1.7 Stealth
 - Level 2.0 Spellcasting
 + Level 6.3 Conjurations
 - Level 2.6 Fire Magic


You had one spell level left.
You knew the following spells:

 Your Spells              Type           Power        Failure   Level  Hunger
h - Flame Tongue          Conj/Fire      ###..        2%          1    #......
j - Sticky Flame          Conj/Fire      ###.....     26%         4    #####..
l - Conjure Flame         Conj/Fire      ###.....     8%          3    ###....

Your spell library contained the following spells:

 Spells                   Type           Power        Failure   Level  Hunger
 Animate Skeleton         Necr           N/A          17%         1    #......
 Apportation              Tloc           #.....       17%         1    #......
 Confusing Touch          Hex            #.....       17%         1    #......
 Summon Small Mammal      Summ           #...         17%         1    #......
 Throw Flame              Conj/Fire      ###...       4%          2    ###....
 Inner Flame              Hex/Fire       #.......     28%         3    ###....
 Fireball                 Conj/Fire      ###.......   58%         5    ######.


Dungeon Overview and Level Annotations

Branches:
Dungeon (4/15)             Temple (1/1) D:4

Altars:
Ashenzari
Cheibriados
Dithmenos
Elyvilon
Fedhas
Kikubaaqudgha
Makhleb
Nemelex Xobeh
Okawaru
Qazlal
Sif Muna
Trog
Uskayaw
Vehumet


Innate Abilities, Weirdness & Mutations

You have large cloven feet.
You are partially covered in molten scales. (AC +2)
When hurt, damage is shared between your health and your magic reserves.


Message History

Casting: Flame Tongue (safe; 2% risk of failure)
Confirm with . or Enter, or press ? or * to list all spells.
Aiming: Flame Tongue (safe; 2% risk of failure)
Press: ? - help, Shift-Dir - straight line, f/p - wraith
Aim: a wraith (severely damaged)
The flame tongue hits the wraith.
The wraith is severely damaged.
The wraith hits you! The gnoll skeleton closely misses you.
The wraith hits you!
* * * LOW HITPOINT WARNING * * *
The wraith drains your vigour!
You feel as though you will be slow longer.
Found a gate leading back out of this place.
You open the door. 2 skeletons come into view.
The gnoll skeleton hits you but does no damage.
There is an open door here.
Okay, then.
The wraith hits you!
You die...

.Z.Z# ....\.# +####
.....# ....# ....Z#
...#####...# .....#
.##...##...##....# .
##.?...##...#....# ..
.!???..#...WZZ..# ...
.!?.. #..@#....# #...
... #...##Z...# .
#...##'##...##.....#
... #.........##......#
....#####'#####.......#
....................\.#
......................#
########'''############
####...####


You could see a wraith and 3 gnoll skeletons.

Vanquished Creatures
  An ogre (D:4)
  A centaur skeleton (D:4)
  A hound (D:2)
  A mummy (Ossuary)
  4 gnolls (D:3)
  5 adders
  4 worms
  4 leopard geckos
  An orc (D:3)
  3 bats
  4 giant cockroaches
  4 goblins
  3 hobgoblins
  7 kobolds
  3 ball pythons
  A frilled lizard (D:3)
  7 gnoll skeletons (Ossuary)
  2 kobold skeletons (Ossuary)
  4 orc skeletons (Ossuary)
  9 rats
69 creatures vanquished.

Notes
Turn   | Place    | Note
-------+----------+-------------------------------------------
     0 | D:1      | Duffy the Demonspawn Fire Elementalist began the quest for
                  | the Orb.
     0 | D:1      | Reached XP level 1. HP: 13/13 MP: 3/3
   348 | D:1      | Reached skill level 2 in Conjurations
   492 | D:2      | Gained mutation: When hurt, damage is shared between your
                  | health and your magic reserves. [demonic ancestry]
   492 | D:2      | Reached XP level 2. HP: 19/19 MP: 1/5
   744 | D:2      | Reached skill level 3 in Conjurations
   744 | D:2      | Reached XP level 3. HP: 12/24 MP: 0/6
  1874 | D:2      | Found a burning altar of Makhleb.
  1878 | D:2      | Reached skill level 4 in Conjurations
  1878 | D:2      | Gained mutation: You have large cloven feet. [demonic
                  | ancestry]
  1878 | D:2      | Reached XP level 4. HP: 30/30 MP: 2/7
  2307 | D:2      | Found a hide-covered altar of Uskayaw.
  2669 | D:3      | Reached skill level 5 in Conjurations
  2669 | D:3      | Reached XP level 5. HP: 35/35 MP: 4/8
  2846 | D:3      | Learned a level 3 spell: Conjure Flame
  2851 | D:3      | Learned a level 4 spell: Sticky Flame
  3118 | D:4      | Found a staircase to the Ecumenical Temple.
  3134 | Temple   | Entered the Ecumenical Temple
  3163 | Temple   | Became a worshipper of Vehumet
  3227 | D:4      | Noticed an ogre
  3306 | D:4      | Found a sand-covered staircase.
  3336 | D:4      | Killed an ogre
  3336 | D:4      | Reached skill level 6 in Conjurations
  3336 | D:4      | Gained mutation: You are partially covered in molten
                  | scales. (AC +2) [demonic ancestry]
  3336 | D:4      | Reached XP level 6. HP: 10/41 MP: 0/9
  3460 | Ossuary  | Entered an ossuary
  3460 | Ossuary  | Noticed a wraith
  3460 | Ossuary  | Noticed a wraith
  3460 | Ossuary  | Noticed a wraith
  3729 | Ossuary  | Noticed a wraith
  3809 | Ossuary  | Slain by a wraith

Vault maps used:
D:1:      saegor_arrival_miasma
D:2:      marbit_many_paths, makhleb_blood_cavern_becter
D:4:      minmay_temple_entry_steel_oval, enter_ossuary_1, first_ration,
          minmay_manual_mares
Temple:   chequers_temple_sunken
Ossuary:  ossuary_due_mausoleum

Skill      XL: |  1  2  3  4  5 |
---------------+----------------+-----
Conjurations   | 2 3 4 5 6 |  6.3
Dodging        | |  1.7
Stealth        | |  1.7
Spellcasting   | |  2.0
Fire Magic     | |  2.6

Action                   |  1- 3 |  4- 6 || total
-------------------------+-------+-------++-------
Melee: Unarmed           |    36 |     5 ||    41
       Kick              |       |     1 ||     1
Throw: Throwing net      |       |     1 ||     1
 Cast: Flame Tongue      |    55 |    93 ||   148
       Conjure Flame     |       |     6 ||     6
  Eat: Chunk             |     4 |     6 ||    10
Armor: Robe              |    10 |    17 ||    27
Dodge: Dodged            |    30 |    32 ||    62

Table legend:
 A = Non-vault XP
 B = Vault XP
 C = Vault XP percentage of total XP
 D = Non-vault monster count
 E = Vault monster count
 F = Vault count percentage of total count
                 A         B        C        D         E       F
            +---------+---------+-------+---------+---------+-------
      Total |     359 |      79 |  18.0 |      53 |      16 |  23.2
            +---------+---------+-------+---------+---------+-------
        D:1 |      15 |       0 |   0.0 |       9 |       0 |   0.0
        D:2 |      91 |      48 |  34.5 |      23 |       2 |   8.0
        D:3 |      95 |       0 |   0.0 |      18 |       0 |   0.0
        D:4 |     158 |       0 |   0.0 |       3 |       0 |   0.0
    Ossuary |       0 |      31 | 100.0 |       0 |      14 | 100.0
            +---------+---------+-------+---------+---------+-------
